 Dungeon Crawl Stone Soup version 0.30.1-11-g7821555f0a (webtiles) character file.

Game seed: 5189941218326297686

3303 Ancymen the Cleaver (level 10, -2/90 HPs)
             Began as a Hill Orc Fighter on Nov 22, 2023.
             Was a Believer of Beogh.
             Slain by Pikel
             ... wielding a +0 whip of electrocution
              (14 damage)
             ... on level 8 of the Dungeon.
             The game lasted 00:26:51 (6722 turns).

Ancymen the Cleaver (Hill Orc Fighter)              Turns: 6722, Time: 00:26:51

Health: -2/90      AC: 12    Str: 24    XL:     10   Next: 1%
Magic:  10/10      EV: 11    Int:  8    God:    Beogh [**....]
Gold:   344        SH:  0    Dex: 10    Spells: 9/9 levels left

rFire   . . .        x - +0 battleaxe
rCold   + . .        (shield currently unavailable)
rNeg    . . .        B - +2 scale mail {rPois}
rPois   +            f - +0 helmet
rElec   .            (no cloak)
rCorr   .            q - +0 pair of gloves
SInv    +            (no boots)
Will    .....        j - amulet of regeneration Stlth
                     (no ring)
HPRegen 1.15/turn    (no ring)
MPRegen 0.12/turn

%: no passive effects
@: no status effects
A: claws 1, see invisible, cold resistance 1
a: Renounce Religion, Smiting


You were on level 8 of the Dungeon.
You worshipped Beogh.
Beogh was pleased with you.
You visited 1 branch of the dungeon, and saw 8 of its levels.
You also visited: Sewer.

You collected 344 gold pieces.

Inventory:

Hand Weapons
 a - a +1 war axe of flaming
 g - a +4 war axe of electrocution
 x - a +0 battleaxe (weapon)
Missiles
 l - 55 poisoned darts (quivered)
 o - a throwing net
Armour
 b - a +1 scale mail
 c - a +0 buckler
 f - a +0 helmet (worn)
 q - a +0 pair of gloves (worn)
 y - +0 swamp dragon scales
 B - a +2 scale mail of poison resistance (worn)
Jewellery
 h - a ring of fire
 j - an amulet of regeneration (around neck)
 k - an amulet of guardian spirit
 p - an amulet of faith
 w - a ring of resist corrosion
Wands
 m - a wand of roots (11)
 t - a wand of digging (1)
Scrolls
 e - 3 scrolls of teleportation
 r - 2 scrolls of identify
 s - 2 scrolls of fear
 A - a scroll of silence
Potions
 d - 4 potions of might
 i - a potion of degeneration
 n - 5 potions of curing
 u - a potion of attraction
 v - a potion of haste


   Skills:
 + Level 8.4 Fighting
 + Level 12.1 Axes
 + Level 0.1 Throwing
 + Level 7.3 Armour
 + Level 2.8 Dodging
 + Level 1.2 Stealth
 + Level 5.2 Shields


You had 9 spell levels left.
You didn't know any spells.
Your spell library contained the following spells:

 Spells                   Type           Power      Damage    Failure   Level
 Kiss of Death            Conj/Necr      0%         2d5       67%         1
 Confusing Touch          Hex            0%         N/A       96%         3
 Dispel Undead            Necr           0%         3d6       100%        4


Dungeon Overview and Level Annotations

Branches:
Dungeon (8/15)             Temple (0/1) D:5           Sewer (visited)
   Lair: D:8-11

Altars:
Fedhas
Gozag
Uskayaw
Zin

Shops:
D:4 [   D:5 !

Annotations:
D:8 Pikel


Innate Abilities, Weirdness & Mutations

You have sharp fingernails.
You have supernaturally acute eyesight. (SInv)
Your flesh is cold resistant. (rC+)


Message History

You kill the killer bee!
Beogh accepts your kill.
You hit the steam dragon but do no damage.
You are engulfed in a cloud of scalding steam.
You feel sick.
You are no longer poisoned.
The killer bee stings you.
* * * LOW HITPOINT WARNING * * *
The killer bee stings you but does no damage.
The steam dragon barely misses you.
The steam dragon claws you but does no damage.
The killer bee closely misses you. x2
You have reached level 10!
You feel stronger.
You barely miss the killer bee. You hit the steam dragon.
You barely miss the kobold. You barely miss the killer bee. You hit the kobold.
The killer bee closely misses you. The killer bee barely misses you.
The kobold closely misses you. The kobold barely misses you.
The steam dragon bites you but does no damage.
The steam dragon closely misses you.
The killer bee stings you but does no damage.
The killer bee completely misses you.
You slice the killer bee!!
You kill the killer bee!
Beogh accepts your kill.
You hit the kobold.
You kill the kobold!
Beogh accepts your kill.
You barely miss the steam dragon. You barely miss the kobold.
You closely miss the killer bee.
The killer bee stings you but does no damage.
The kobold closely misses you.
The steam dragon bites you but does no damage.
The steam dragon claws you but does no damage.
The killer bee misses you. Pikel attacks as you move away!
Pikel hits you with a +0 whip of electrocution.
* * * LOW HITPOINT WARNING * * *
You are electrocuted!
You die...

.. ....#..)..#........
......##..#..)..#........
....#.....####)##.#.#.#..
....###.......).)........
........#.......)...#.#..
........#................
......5y#..##...........#
.#.#.5Ky#...####........#
......5K@....###.....#..#
.#.#...KDK##............#
.......5..##.............
<.............##.........
.......#.#.......###.....
#...........##..##.......
.......#.#......#........
#....................../.
....####...#.....#..


You could see Pikel, a steam dragon, 4 lemures, 2 killer bees and 3 kobolds.

Vanquished Creatures
  Maggie (D:7)
  A kobold demonologist (D:8)
  3 water moccasins
  A sky beast (D:6)
  Pargi (Sewer)
  An orc warrior (D:8)
  A black bear (D:6)
  An ogre (D:5)
  2 phantoms
  2 centaurs
  10 kobold brigands
  A bullfrog (D:7)
  A scorpion (D:6)
  6 wights (D:7)
  3 killer bees (D:8)
  2 jellies
  A hound (D:6)
  A gnoll bouda (D:8)
  An iguana (D:7)
  2 orc wizards (D:7)
  7 adders
  3 gnolls (D:8)
  A shadow imp (D:6)
  2 white imps (D:5)
  An ufetubus (D:6)
  2 worms
  4 dart slugs
  20 orcs
  8 ball pythons
  7 bats
  7 endoplasms
  6 giant cockroaches
  8 goblins
  3 hobgoblins
  4 jackals (D:2)
  23 kobolds
  3 quokkas
  5 frilled lizards
  3 rats
159 creatures vanquished.

Vanquished Creatures (others)
  A killer bee (D:8)
  An orc (D:4)
2 creatures vanquished.

Grand Total: 161 creatures vanquished

Notes
Turn   | Place    | Note
-------+----------+-------------------------------------------
     0 | D:1      | Ancymen the Hill Orc Fighter began the quest for the Orb.
     0 | D:1      | Reached XP level 1. HP: 19/19 MP: 1/1
   166 | D:1      | Reached XP level 2. HP: 27/27 MP: 2/2
   421 | D:1      | Reached skill level 3 in Axes
   767 | D:1      | Reached XP level 3. HP: 33/33 MP: 3/3
  1470 | D:2      | Reached XP level 4. HP: 41/41 MP: 4/4
  1509 | D:2      | Reached skill level 4 in Axes
  2045 | D:3      | Found a hide-covered altar of Uskayaw.
  2286 | D:3      | Reached XP level 5. HP: 47/47 MP: 5/5
  2636 | D:4      | Reached skill level 5 in Axes
  2670 | D:4      | Found a glowing drain.
  2675 | Sewer    | Entered a sewer
  2818 | Sewer    | Reached skill level 1 in Dodging
  2846 | Sewer    | Noticed Pargi
  2877 | Sewer    | Killed Pargi
  2878 | Sewer    | Reached skill level 5 in Fighting
  2878 | Sewer    | Reached XP level 6. HP: 45/56 MP: 6/6
  2920 | Sewer    | Gained mutation: You have sharp fingernails. [potion of
                  | mutation]
  2920 | Sewer    | Gained mutation: You have supernaturally acute eyesight.
                  | (SInv) [potion of mutation]
  2920 | Sewer    | Gained mutation: Your flesh is cold resistant. (rC+)
                  | [potion of mutation]
  3087 | D:4      | Identified a scroll of acquirement
  3087 | D:4      | Acquired a +3 war axe of electrocution
  3137 | D:4      | Became a worshipper of Beogh the Brigand
  3221 | D:4      | Found Eqempos's Armour Emporium.
  3498 | D:5      | Entered Level 5 of the Dungeon
  3822 | D:5      | Found Qaeladd's Distillery.
  3826 | D:5      | Reached skill level 6 in Axes
  3826 | D:5      | Reached XP level 7. HP: 60/61 MP: 7/7
  3885 | D:5      | Reached skill level 5 in Armour
  4121 | D:5      | Found a staircase to the Ecumenical Temple.
  4659 | D:6      | Found an opulent altar of Gozag.
  4701 | D:6      | Found a glowing silver altar of Zin.
  4952 | D:6      | Reached skill level 7 in Axes
  4952 | D:6      | Reached skill level 1 in Stealth
  4952 | D:6      | Reached skill level 5 in Shields
  4952 | D:6      | Reached XP level 8. HP: 31/70 MP: 8/8
  5541 | D:7      | Reached skill level 8 in Axes
  5571 | D:7      | Found a blossoming altar of Fedhas.
  5592 | D:7      | Reached * piety under Beogh
  5734 | D:7      | Noticed Maggie
  5744 | D:7      | Reached skill level 9 in Axes
  5757 | D:7      | Killed Maggie
  5758 | D:7      | Reached XP level 9. HP: 22/78 MP: 9/9
  6209 | D:7      | Reached skill level 10 in Axes
  6615 | D:8      | Noticed a kobold demonologist
  6627 | D:8      | Noticed a red devil
  6637 | D:8      | Killed a kobold demonologist
  6638 | D:8      | Reached skill level 11 in Axes
  6660 | D:8      | Reached ** piety under Beogh
  6711 | D:8      | Noticed Pikel
  6719 | D:8      | Reached skill level 12 in Axes
  6720 | D:8      | Reached XP level 10. HP: 15/90 MP: 10/10
  6722 | D:8      | Slain by Pikel

Illustrated notes

Levels and vault maps discovered:
D:1:      lightli_arrival_quake, layout_loops_corners, grunt_decor_cap
D:2:      layout_loops_corners
D:3:      layout_loops_cross, mainiacjoe_overflow_surrounded_room,
          chequers_mini_garden
D:4:      layout_cave_pools, gup_sewer_entry_bowl, serial_shops,
          nicolae_shop_stone
D:5:      layout_basic, minmay_temple_entry_trees,
          lightli_ossuary_entry_decrepit_ruins, serial_shops, nicolae_shop_trees
D:6:      layout_basic, pdpol_temple_overflow_zin_treasury_gozag_greed,
          minmay_between
D:7:      layout_basic, fedhas_altar_1, gammafunk_ghost_cemetery, uniq_maggie
D:8:      layout_cave_pools, serial_glass, glass_columns_a, glass_columns_b,
          glass_columns_a, glass_columns_c, glass_columns_b, glass_columns_a,
          glass_columns_a, glass_columns_c, glass_columns_a, glass_columns_b,
          glass_columns_b, glass_columns_a, glass_columns_c, glass_columns_a,
          special_room [special_room_kobold], uniq_joseph, uniq_pikel

Skill      XL: |  1  2  3  4  5  6  7  8  9 |
---------------+----------------------------+-----
Fighting       | 4 5 6 8 |  8.4
Axes           | 3 4 5 6 7 9 12 | 12.1
Armour         | 4 5 6 7 |  7.3
Dodging        | 1 2 |  2.8
Shields        | 4 5 |  5.2
Stealth        | 1 |  1.2
Throwing       | |  0.1

Action                     |  1- 3 |  4- 6 |  7- 9 | 10-12 || total
---------------------------+-------+-------+-------+-------++-------
  Melee: War axe           |    53 |   148 |    59 |       ||   260
         Battleaxe         |       |       |   127 |     2 ||   129
  Throw: Dart              |       |       |     1 |       ||     1
 Invoke: Convert to Beogh  |       |     1 |       |       ||     1
    Use: Scroll            |     6 |     4 |     5 |       ||    15
         Potion            |     2 |     6 |     3 |       ||    11
 Armour: Scale mail        |    32 |   127 |   183 |     5 ||   347
         Swamp dragon scal |       |       |    28 |       ||    28
  Dodge: Dodged            |    40 |   130 |   189 |     8 ||   367
  Block: Buckler           |    18 |    62 |    20 |       ||   100
